 Dungeon Crawl Stone Soup version 0.26-a0-808-g930a2b7adc (webtiles) character file.

Game seed: 5193087407706037900

12 ANON1729 the Skirmisher (level 2, -5/18 HPs)
             Began as an Octopode Chaos Knight on Nov 12, 2020.
             Was a Plaything of Xom.
             Slain by a river rat (14 damage)
             ... on level 1 of the Dungeon.
             The game lasted 00:01:08 (410 turns).

ANON1729 the Skirmisher (Octopode Chaos Knight)      Turns: 410, Time: 00:01:09

Health: -5/18      AC:  1    Str: 11    XL:     2   Next: 33%
Magic:  2/2        EV: 17    Int: 14    God:    Xom [......]
Gold:   25         SH:  0    Dex:  9    Spells: 1/1 levels left

rFire    . . .     SeeInvis .   a - +0 falchion (chaos)
rCold    . . .     Faith    .   (no shield)
rNeg     . . .     Spirit   .   (helmet restricted)
rPois    .         Reflect  .   (no amulet)
rElec    .         Harm     .   d - +4 ring of evasion
rCorr    .         Rampage  .   (no ring)
MR       .....                  (no ring)
Stlth    ++........             (no ring)
HPRegen  0.06/turn              (no ring)
MPRegen  0.08/turn              (no ring)
                                (no ring)
                                (no ring)

@: no status effects
A: almost no armour, stealthy swim, amphibious, 8 rings, constrict 8, tentacle
spike 1, camouflage 1, blurry vision 1, clumsy 1, deterioration 1, frail 1,
gelatinous body 1
a: Renounce Religion


You were on level 1 of the Dungeon.
You worshipped Xom.
You were a very special plaything of Xom.
You visited 1 branch of the dungeon, and saw 1 of its levels.

You collected 25 gold pieces.

Inventory:

Hand Weapons
 a - a +0 falchion of chaos (weapon)
Missiles
 c - 6 boomerangs (quivered)
Jewellery
 d - a +4 ring of evasion (left tentacle)
Scrolls
 b - a scroll of magic mapping {unknown}
 f - a scroll of identify {unknown}
 i - a scroll of remove curse {unknown}
Potions
 e - 2 potions of heal wounds {unknown}
 g - a potion of curing {unknown}
 h - a potion of degeneration {unknown}


   Skills:
 + Level 3.2 Fighting
 + Level 3.2 Long Blades
 + Level 2.6 Dodging


You had one spell level left.
You didn't know any spells.
Your spell library was empty.

Dungeon Overview and Level Annotations

Branches:
Dungeon (1/15)

Altars:


Innate Abilities, Weirdness & Mutations

You cannot wear most types of armour.
You are very stealthy in the water. (Stealth+)
You are amphibious.
You can wear up to eight rings at the same time.
You can use your tentacles to constrict eight enemies at once.
Your skin changes colour to match your surroundings (Stealth+).
Your rubbery body absorbs attacks. (AC +1, EV +1)
One of your tentacles bears a spike.
Scrolls take you a little longer to read.
You are clumsy. (Dex -2)
Your body sometimes deteriorates upon taking damage.
You are frail. (-10% HP)


Message History

The river rat bites you.
You barely miss the river rat.
Your tentacle spike misses the river rat.
You constrict the river rat, but do no damage.
The river rat bites you.
You are too injured to fight recklessly!
You are too injured to fight recklessly!
You are too injured to fight recklessly!
You are too injured to fight recklessly!
You are too injured to fight recklessly!
You are too injured to fight recklessly!
You are too injured to fight recklessly!
You are too injured to fight recklessly!
A river rat is nearby!
A river rat is nearby!
You hit the river rat. You burn the river rat.
You pierce the river rat.
The river rat is moderately wounded.
You constrict the river rat. The river rat bites you!
Ouch! That really hurt!
You die...

#.. #...#####.# ...
.......##.#
######.#####.....#.#
#### ..........###......
...###....###..###.##..
###...##...#....†.†....#
.........#.#......###..#
.........#.............#
......r@..........####.#
...........#...#### #.#
.................. # .#
....!.............. #.##
...........##...........
(........####.###.......
#######..# .# .......
#..# .... ....


You could see a river rat (berserk).

Vanquished Creatures
  A leopard gecko (D:1)
  A giant cockroach (D:1)
  3 goblins (D:1)
  2 hobgoblins (D:1)
  A ball python (D:1)
  A bat (D:1)
  A rat (D:1)
10 creatures vanquished.

Notes
Turn   | Place    | Note
-------+----------+-------------------------------------------
     0 | D:1      | ANON1729 the Octopode Chaos Knight began the quest for the
                  | Orb.
     0 | D:1      | Reached XP level 1. HP: 16/16 MP: 1/1
    83 | D:1      | XOM: give mutations
    83 | D:1      | Gained mutation: One of your tentacles bears a spike.
                  | [Xom's mischief]
    83 | D:1      | Gained mutation: You are clumsy. (Dex -2) [Xom's mischief]
    83 | D:1      | Gained mutation: Your body sometimes deteriorates upon
                  | taking damage. [Xom's mischief]
   139 | D:1      | Reached XP level 2. HP: 17/21 MP: 2/2
   275 | D:1      | XOM: give mutations
   275 | D:1      | Gained mutation: Scrolls take you a little longer to read.
                  | [Xom's mischief]
   275 | D:1      | Gained mutation: You are frail. (-10% HP) [Xom's mischief]
   410 | D:1      | Slain by a river rat

Illustrated notes

Levels and vault maps discovered:
D:1:      lemuel_arrival_broad_hall, layout_rooms

Action                   || total
-------------------------++-------
Melee: Falchion          ||    30
       Tentacles         ||     4
       Constrict         ||     5
       Kick              ||     4
 Stab: Distracted        ||     1
       Sleeping          ||     1
Armor: Skin              ||     2
Dodge: Dodged            ||    19
       Rpst.: Falchion   ||     6

Table legend: (Time is in decaauts)
 A = Elapsed time spent in this place.
 B = Non-inter-level travel time spent in this place.
 C = Inter-level travel time spent in this place.
 D = Time resting spent in this place.
 E = Time spent auto-exploring this place.
 F = Levels seen in this place.
 G = Mean time per level.
                   A        B        C        D        E       F      G
               +--------+--------+--------+--------+--------+-----+--------+
         Total |    413 |    413 |      0 |     22 |    295 |   1 |  413.0 |
       Dungeon |    413 |    413 |      0 |     22 |    295 |   1 |  413.0 |
               +--------+--------+--------+--------+--------+-----+--------+

Top non-repeatable levels by time:
     D:1: 413 daAuts
